 Dungeon Crawl Stone Soup version 0.29-a0-398-ge13fd1374b (webtiles) character file.

Game seed: 3168292775781459663

94 YayAnonymity the Chopper (level 4, -3/39 HPs)
             Began as a Hill Orc Fighter on May 13, 2022.
             Shot with an arrow by a centaur (7 damage)
             ... on level 3 of the Dungeon.
             The game lasted 00:02:42 (2290 turns).

YayAnonymity the Chopper (Hill Orc Fighter)         Turns: 2290, Time: 00:02:43

Health: -3/39      AC:  6    Str: 20    XL:     4   Next: 63%
Magic:  4/4        EV:  9    Int:  8    God:
Gold:   91         SH:  4    Dex: 10    Spells: 3/3 levels left

rFire   + . .      SeeInvis .   a - +0 war axe (flame)
rCold   + . .      Faith    .   c - +0 buckler
rNeg    . . .      Spirit   .   b - +0 scale mail
rPois   .          Reflect  .   (no helmet)
rElec   .          Harm     .   g - scarf {rC+ rF+}
rCorr   .          Rampage  .   (no gloves)
Will    .....                   (no boots)
Stlth   ..........              (no amulet)
HPRegen 0.13/turn               e - ring of flight
MPRegen 0.09/turn               (no ring)

@: mighty, flying
A: no striking features
a: no special abilities


You were on level 3 of the Dungeon.
You visited 1 branch of the dungeon, and saw 3 of its levels.

You collected 91 gold pieces.

Inventory:

Hand Weapons
 a - a +0 war axe of flaming (weapon)
Armour
 b - a +0 scale mail (worn)
 c - a +0 buckler (worn)
 g - a scarf of resistance (worn)
Jewellery
 e - a ring of flight (left hand)
Scrolls
 f - a scroll of brand weapon
 h - a scroll of blinking


   Skills:
 - Level 3.6 Fighting
 + Level 5.6 Axes
 - Level 3.2 Armour
 - Level 4.0 Shields


You had 3 spell levels left.
You didn't know any spells.
Your spell library contained the following spells:

 Spells                   Type           Power      Damage    Failure   Level
 Ignite Poison            Fire/Tmut/Pois 0%         N/A       99%         3
 Mephitic Cloud           Conj/Pois/Air  0%         N/A       99%         3
 Freezing Cloud           Conj/Ice/Air   0%         6-21      100%        5


Dungeon Overview and Level Annotations

Branches:
Dungeon (3/15)

Altars:


Message History

You barely miss the orc. You block the orc's attack.
You hit the orc. You burn the orc.
You kill the orc!
No target in view!
No target in view!
No target in view!
No target in view!
Things that are here:
a +0 club; a +0 chain mail; an orc corpse
Things that are here:
a +0 club; 2 stones; a kobold corpse As you open the door, it creaks loudly!
There is an open door here.
There is an open door here.
You see here a scroll of torment.
Found a stone staircase leading down.
There is a stone staircase leading down here.
Found 30 stones.
You see here 30 stones.
Found a stone staircase leading down.
A centaur comes into view.
A centaur is nearby!
The centaur wields a +0 shortbow.
The centaur shoots an arrow.
The arrow closely misses you.
The centaur shoots an arrow.
The arrow hits you!
The centaur shoots an arrow.
You block the arrow.
The centaur shoots an arrow.
The arrow hits you but does no damage.
The centaur shoots an arrow.
The arrow hits you!
The centaur shoots an arrow.
The arrow hits you!
* * * LOW HITPOINT WARNING * * *
You are too injured to fight recklessly!
You are too injured to fight recklessly!
You are too injured to fight recklessly!
You are too injured to fight recklessly!
Sorry, you're not good enough to have a special ability.
You feel very mighty all of a sudden.
The centaur shoots an arrow.
The arrow hits you!
* * * LOW HITPOINT WARNING * * *
Found 13 stones.
The centaur shoots an arrow.
The arrow hits you!
You die...

#....).... #....)....
#......... #.........
#......... ##########
.######
.......#################
.......@................
.....c.#################
....... ....... .......
....... ......( #######


You could see a centaur.

Vanquished Creatures
  4 adders
  2 dart slugs
  2 orcs (D:3)
  5 ball pythons
  5 endoplasms
  4 giant cockroaches
  4 goblins
  5 hobgoblins
  A quokka (D:2)
  6 bats
  2 frilled lizards
  6 kobolds
  4 rats
50 creatures vanquished.

Notes
Turn   | Place    | Note
-------+----------+-------------------------------------------
     0 | D:1      | YayAnonymity the Hill Orc Fighter began the quest for the
                  | Orb.
     0 | D:1      | Reached XP level 1. HP: 19/19 MP: 1/1
   119 | D:1      | Reached skill level 3 in Axes
   124 | D:1      | Reached XP level 2. HP: 22/26 MP: 2/2
   703 | D:1      | Reached XP level 3. HP: 30/31 MP: 3/3
  1060 | D:2      | Reached skill level 4 in Axes
  1707 | D:2      | Reached XP level 4. HP: 39/39 MP: 4/4
  1788 | D:2      | Reached skill level 5 in Axes
  2284 | D:3      | Noticed a centaur
  2290 | D:3      | Shot with an arrow by a centaur

Illustrated notes

Levels and vault maps discovered:
D:1:      mainiacjoe_arrival_reflecting_pool, layout_loops_cross
D:2:      layout_loops_ring
D:3:      layout_basic

Skill      XL: |  1  2  3  4 |
---------------+-------------+-----
Axes           | 3 4 5 |  5.6
Shields        | 4 |  4.0
Fighting       | |  3.6
Armour         | |  3.2

Action                   |  1- 3 |  4- 6 || total
-------------------------+-------+-------++-------
Melee: War axe           |    79 |    38 ||   117
  Use: Scroll            |     7 |     2 ||     9
       Potion            |       |     1 ||     1
Armor: Scale mail        |    41 |    22 ||    63
Dodge: Dodged            |    35 |    18 ||    53
Block: Buckler           |    15 |    11 ||    26

Table legend: (Time is in decaauts)
 A = Elapsed time spent in this place.
 B = Non-inter-level travel time spent in this place.
 C = Inter-level travel time spent in this place.
 D = Time resting spent in this place.
 E = Time spent auto-exploring this place.
 F = Levels seen in this place.
 G = Mean time per level.
                   A        B        C        D        E       F      G
               +--------+--------+--------+--------+--------+-----+--------+
         Total |   2328 |   2286 |     42 |    100 |   1836 |   3 |  776.0 |
       Dungeon |   2328 |   2286 |     42 |    100 |   1836 |   3 |  776.0 |
               +--------+--------+--------+--------+--------+-----+--------+

Top non-repeatable levels by time:
     D:2: 1098 daAuts
     D:1: 1032 daAuts
     D:3: 196 daAuts
